MLB
TEXAS RANGERS @ LOS ANGELES ANGELS
07/09/2025
 
TOP OF THE 1ST
Texas Rangers batting - Pitching for Los Angeles Angels : RHP Fred Cove
Pitching: RHP Fred Cove
Batting: RHB Jim Rivers 0-0: Called Strike
0-1: Foul Ball, location: 9LMF
0-2: DOUBLE (Line Drive, 7LM, EV 107.5 MPH)
Batting: RHB Jim Tate 0-0: Ball
1-0: Swinging Strike
1-1: Foul Ball, location: 2F
1-2: Ball
2-2: Foul Ball, location: 5FF
2-2: Strikes out looking
Batting: SHB Tony Silva 0-0: Swinging Strike
0-1: Ball
1-1: Fly out, F7 (Flyball, 78M, EV 91.9 MPH)
Batting: LHB Wes Erickson 0-0: Called Strike
0-1: Foul Ball, location: 25F
0-2: Ball
1-2: Foul Ball, location: 2LF
1-2: Ball
2-2: Ball
3-2: Foul Ball, location: 3FF
3-2: Foul Ball, location: 3SF
3-2: Foul Ball, location: 23FF
3-2: Foul Ball, location: 2F
3-2: Base on Balls
Batting: RHB Chris Moody 0-0: Called Strike
0-1: Ball
1-1: Ball
2-1: Ball
3-1: Base on Balls
Jim Rivers to third
Wes Erickson to second
Batting: RHB Ignacio López 0-0: Called Strike
0-1: Ball
1-1: Called Strike
1-2: Ball
2-2: Foul Ball, location: 2F
2-2: Ground out 6-3 (Groundball, 6S, EV 79.4 MPH)
Top of the 1st over - 0 runs, 1 hit, 0 errors, 3 left on base; Texas 0 - Los Angeles 0
BOTTOM OF THE 1ST
Los Angeles Angels batting - Pitching for Texas Rangers : RHP Orlando Otero
Pitching: RHP Orlando Otero
Batting: SHB Ozhaino Albies 0-0: Foul Ball, location: 2RF
0-1: Foul Ball, location: 3FF
0-2: Ball
1-2: Strikes out looking
Batting: RHB Mike Trout 0-0: Ball
1-0: Ball
2-0: Called Strike
2-1: Called Strike
2-2: Strikes out looking
Batting: SHB Augusto Ramírez 0-0: Ball
1-0: Swinging Strike
1-1: Foul Ball, location: 2F
1-2: Ball
2-2: Fly out, F8 (Line Drive, 8LM, EV 90.0 MPH)
Bottom of the 1st over - 0 runs, 0 hits, 0 errors, 0 left on base; Texas 0 - Los Angeles 0
TOP OF THE 2ND
Texas Rangers batting - Pitching for Los Angeles Angels : RHP Fred Cove
Batting: RHB Jake Hager 0-0: Ball
1-0: Called Strike
1-1: Swinging Strike
1-2: Strikes out swinging
Batting: RHB José García 0-0: Ground out 6-3 (Groundball, 6, EV 85.0 MPH)
Batting: RHB Andy Roberts 0-0: Foul Ball, location: 5DF
0-1: Foul Ball, location: 23F
0-2: Ball
1-2: Strikes out swinging
Top of the 2nd over - 0 runs, 0 hits, 0 errors, 0 left on base; Texas 0 - Los Angeles 0
BOTTOM OF THE 2ND
Los Angeles Angels batting - Pitching for Texas Rangers : RHP Orlando Otero
Batting: SHB Jurickson Profar 0-0: Ground out U3 (Groundball, 3, EV 92.5 MPH)
Batting: RHB Addison Russell 0-0: Fly out, F6 (Popup, 56D, EV 56.9 MPH)
Batting: LHB Isranel Wilson 0-0: Ball
1-0: Ball
2-0: Swinging Strike
2-1: Foul Ball, location: 23F
2-2: DOUBLE (Line Drive, 9LS, EV 103.8 MPH)
Batting: LHB Myron Gómes 0-0: Called Strike
0-1: Ball
1-1: SINGLE (Flyball, 5D, EV 93.1 MPH)
Isranel Wilson to third
Runner from 3rd tries for Home, SAFE, throw by LF to home
Batting: RHB Luis Roa 0-0: Ball
1-0: Called Strike
1-1: Reached on error, E5 (Groundball, 5L, EV 86.9 MPH)
Myron Gómes to second
Batting: LHB Andy Brown 0-0: Foul Ball, location: 3FF
0-1: Ball
1-1: Fielders Choice at 2nd, U6 (Groundball, 6M, EV 103.8 MPH)
Bottom of the 2nd over - 1 run, 2 hits, 1 error, 2 left on base; Texas 0 - Los Angeles 1
TOP OF THE 3RD
Texas Rangers batting - Pitching for Los Angeles Angels : RHP Fred Cove
Batting: RHB Jim Rivers 0-0: Ball
1-0: Foul Ball, location: 3F
1-1: Ball
2-1: Swinging Strike
2-2: Strikes out swinging
Batting: RHB Jim Tate 0-0: Ball
1-0: Foul Ball, location: 2F
1-1: Ball
2-1: Foul Ball, location: 7LSF
2-2: Strikes out swinging
Batting: SHB Tony Silva 0-0: Fly out, F8 (Line Drive, 8RM, EV 86.9 MPH)
Top of the 3rd over - 0 runs, 0 hits, 0 errors, 0 left on base; Texas 0 - Los Angeles 1
BOTTOM OF THE 3RD
Los Angeles Angels batting - Pitching for Texas Rangers : RHP Orlando Otero
Batting: SHB Ozhaino Albies 0-0: Swinging Strike
0-1: Swinging Strike
0-2: Ball
1-2: Ball
2-2: Ball
3-2: SINGLE (Groundball, 34D, EV 108.8 MPH)
Batting: RHB Mike Trout 0-0: Ball
Wild Pitch!
Ozhaino Albies to second
1-0: Ball
2-0: Ball
3-0: Called Strike
3-1: Base on Balls
Batting: SHB Augusto Ramírez 0-0: Called Strike
0-1: Ball
1-1: Foul Ball, location: 7LSF
1-2: Ball
2-2: Foul Ball, location: 2F
2-2: Foul Ball, location: 5DF
2-2: Foul Ball, location: 3FF
2-2: Fly out, F9 (Flyball, 89S, EV 94.4 MPH)
Batting: SHB Jurickson Profar 0-0: Grounds into double play, 5-4-3 (Groundball, 56S, EV 83.1 MPH)
Bottom of the 3rd over - 0 runs, 1 hit, 0 errors, 1 left on base; Texas 0 - Los Angeles 1
TOP OF THE 4TH
Texas Rangers batting - Pitching for Los Angeles Angels : RHP Fred Cove
Batting: LHB Wes Erickson 0-0: Swinging Strike
0-1: Called Strike
0-2: Foul Ball, location: 5F
0-2: Ball
1-2: Strikes out swinging
Batting: RHB Chris Moody 0-0: Ball
1-0: Ball
2-0: Ball
3-0: Called Strike
3-1: Swinging Strike
3-2: Base on Balls
Batting: RHB Ignacio López 0-0: Ball
1-0: Fly out, F8 (Line Drive, 8LS, EV 90.0 MPH)
Batting: RHB Jake Hager 0-0: Ball
1-0: Ball
2-0: Called Strike
2-1: Ball
3-1: Fielders Choice at 2nd, 6-4 (Groundball, 6MD, EV 95.0 MPH)
Top of the 4th over - 0 runs, 0 hits, 0 errors, 1 left on base; Texas 0 - Los Angeles 1
BOTTOM OF THE 4TH
Los Angeles Angels batting - Pitching for Texas Rangers : RHP Orlando Otero
Batting: RHB Addison Russell 0-0: Fly out, F8 (Flyball, 8LM, EV 86.3 MPH)
Batting: LHB Isranel Wilson 0-0: Fly out, F8 (Line Drive, 8LS, EV 92.5 MPH)
Batting: LHB Myron Gómes 0-0: Called Strike
0-1: Foul Ball, location: 2F
0-2: Ball
1-2: Ball
2-2: Ball
3-2: Strikes out looking
Bottom of the 4th over - 0 runs, 0 hits, 0 errors, 0 left on base; Texas 0 - Los Angeles 1
TOP OF THE 5TH
Texas Rangers batting - Pitching for Los Angeles Angels : RHP Fred Cove
Batting: RHB José García 0-0: Called Strike
0-1: Ground out 5-3 (Groundball, 56, EV 88.8 MPH)
Batting: RHB Andy Roberts 0-0: Foul Ball, location: 9LMF
0-1: Ball
1-1: Foul Ball, location: 23FF
1-2: Ball
2-2: Ground out 5-3 (Groundball, 56S, EV 85.0 MPH)
Batting: RHB Jim Rivers 0-0: Ball
1-0: Foul Ball, location: 2LF
1-1: Ball
2-1: Swinging Strike
2-2: Foul Ball, location: 2F
2-2: Strikes out swinging
Top of the 5th over - 0 runs, 0 hits, 0 errors, 0 left on base; Texas 0 - Los Angeles 1
BOTTOM OF THE 5TH
Los Angeles Angels batting - Pitching for Texas Rangers : RHP Orlando Otero
Batting: RHB Luis Roa 0-0: Ball
1-0: Called Strike
1-1: Foul Ball, location: 2RF
1-2: Strikes out swinging
Batting: LHB Andy Brown 0-0: SINGLE (Line Drive, 9LS, EV 103.8 MPH)
Batting: SHB Ozhaino Albies 0-0: Foul Ball, location: 5F
0-1: Ball
1-1: Ball
2-1: Swinging Strike
2-2: Ball
3-2: Foul Ball, location: 7LDF
3-2: Base on Balls
Andy Brown to second
Batting: RHB Mike Trout 0-0: Ball
1-0: Ball
2-0: Ball
3-0: Called Strike
3-1: Fielders Choice at 3rd, U5 (Groundball, 5L, EV 84.4 MPH)
Ozhaino Albies to second
Batting: SHB Augusto Ramírez 0-0: Ground out U3 (Groundball, 3, EV 104.4 MPH)
Bottom of the 5th over - 0 runs, 1 hit, 0 errors, 2 left on base; Texas 0 - Los Angeles 1
TOP OF THE 6TH
Texas Rangers batting - Pitching for Los Angeles Angels : RHP Fred Cove
Batting: RHB Jim Tate 0-0: Called Strike
0-1: Ball
1-1: Ball
2-1: Ball
3-1: Base on Balls
Pitching: RHP Mrinal Shivaprakash
Batting: SHB Tony Silva 0-0: Foul Ball, location: 7LSF
0-1: Fly out, F8 (Line Drive, 8RD, EV 95.0 MPH)
Batting: LHB Wes Erickson 0-0: Fielders Choice at 2nd, 3-6 (Groundball, 3, EV 81.3 MPH)
Batting: RHB Chris Moody 0-0: Fly out, F4 (Popup, 4M, EV 50.0 MPH)
Top of the 6th over - 0 runs, 0 hits, 0 errors, 1 left on base; Texas 0 - Los Angeles 1
BOTTOM OF THE 6TH
Los Angeles Angels batting - Pitching for Texas Rangers : RHP Orlando Otero
Batting: SHB Jurickson Profar 0-0: Ball
1-0: Ball
2-0: Foul Ball, location: 5SF
2-1: Ball
3-1: Base on Balls
Batting: RHB Addison Russell 0-0: Ball
1-0: Called Strike
Jurickson Profar is caught stealing 2nd base 2-4
1-1: Foul Ball, location: 9LSF
1-2: Foul Ball, location: 7LMF
1-2: Ball
2-2: Foul Ball, location: 3DF
2-2: Ball
3-2: Base on Balls
Batting: LHB Isranel Wilson 0-0: Foul Ball, location: 7LMF
0-1: Called Strike
Addison Russell steals 2nd base
0-2: Ball
1-2: Ball
2-2: Foul Ball, location: 3FF
2-2: SINGLE (Groundball, 6MD, EV 96.9 MPH)
Addison Russell to third
Runner from 3rd tries for Home, SAFE, throw by CF to home
Isranel Wilson to second
Pitching: RHP Yeralf Torres
Batting: LHB Myron Gómes 0-0: Called Strike
0-1: Ball
1-1: Ground out U3 (Groundball, 3, EV 96.3 MPH)
Isranel Wilson to third
Batting: RHB Luis Roa 0-0: Called Strike
0-1: Foul Ball, location: 3FF
0-2: Ball
1-2: Ball
2-2: DOUBLE (Line Drive, 7LD, EV 111.9 MPH)
Isranel Wilson scores
Batting: LHB Andy Brown 0-0: Called Strike
0-1: Ball
1-1: Fly out, F3 (Line Drive, 34, EV 95.6 MPH)
Bottom of the 6th over - 2 runs, 2 hits, 0 errors, 1 left on base; Texas 0 - Los Angeles 3
TOP OF THE 7TH
Texas Rangers batting - Pitching for Los Angeles Angels : RHP Mrinal Shivaprakash
Pitching: LHP Kevin Phillips
Batting: RHB Ignacio López 0-0: Ball
1-0: Called Strike
1-1: SINGLE (Line Drive, 34D, EV 96.9 MPH)
Batting: RHB Jake Hager 0-0: Foul Ball, location: 2F
0-1: Ball
1-1: Swinging Strike
1-2: SINGLE (Groundball, 34D, EV 101.3 MPH)
Ignacio López to second
Runner from 2nd tries for 3rd, SAFE, throw by RF made to third
Batting: RHB José García 0-0: Fly out, F7 (Flyball, 7S, EV 81.9 MPH)
Batting: RHB Andy Roberts 0-0: Ball
1-0: Swinging Strike
1-1: Swinging Strike
1-2: Strikes out swinging
Batting: RHB Jim Rivers 0-0: Called Strike
0-1: Ball
1-1: Foul Ball, location: 25F
1-2: Strikes out swinging
Top of the 7th over - 0 runs, 2 hits, 0 errors, 2 left on base; Texas 0 - Los Angeles 3
BOTTOM OF THE 7TH
Los Angeles Angels batting - Pitching for Texas Rangers : RHP Yeralf Torres
Batting: SHB Ozhaino Albies 0-0: Foul Ball, location: 2F
0-1: Ball
1-1: Foul Ball, location: 2F
1-2: Foul Ball, location: 5DF
1-2: Foul Ball, location: 2F
1-2: Ball
2-2: Foul Ball, location: 7LDF
2-2: Fly out, F7 (Line Drive, 78M, EV 85.6 MPH)
Batting: RHB Mike Trout 0-0: Ball
1-0: Called Strike
1-1: Ball
2-1: Called Strike
2-2: SOLO HOME RUN (Flyball, 8LXD, EV 97.5 MPH), Distance : 410 ft
Batting: SHB Augusto Ramírez 0-0: Called Strike
0-1: Ball
1-1: Swinging Strike
1-2: Strikes out swinging
Batting: SHB Jurickson Profar 0-0: Swinging Strike
0-1: Ball
1-1: Ball
2-1: Foul Ball, location: 7LSF
2-2: Ball
3-2: Foul Ball, location: 2F
3-2: Foul Ball, location: 23F
3-2: Base on Balls
Pitching: RHP Daniel Gomez
Batting: RHB Addison Russell 0-0: Swinging Strike
0-1: Ball
1-1: Foul Ball, location: 23F
1-2: Foul Ball, location: 23F
1-2: Foul Ball, location: 9LDF
1-2: SINGLE (Line Drive, 89S, EV 100.6 MPH)
Jurickson Profar to second
Batting: LHB Isranel Wilson 0-0: Ball
1-0: Foul Ball, location: 5SF
1-1: DOUBLE (Line Drive, 9LM, EV 86.3 MPH)
Jurickson Profar scores
Addison Russell to third
Runner from 3rd tries for Home, SAFE, no throw by RF
Batting: LHB Myron Gómes 0-0: Foul Ball, location: 2F
0-1: Ball
1-1: Foul Ball, location: 2F
1-2: Ball
2-2: Ground out 6-3 (Groundball, 6, EV 80.0 MPH)
Bottom of the 7th over - 3 runs, 3 hits, 0 errors, 1 left on base; Texas 0 - Los Angeles 6
TOP OF THE 8TH
Texas Rangers batting - Pitching for Los Angeles Angels : LHP Kevin Phillips
Now in LF: Augusto Ramírez
Now in RF: Starling Heredia
Batting: RHB Jim Tate 0-0: Fly out, F8 (Line Drive, 8LM, EV 86.3 MPH)
Batting: SHB Tony Silva 0-0: SINGLE (Line Drive, 78S, EV 94.4 MPH)
Pitching: RHP Derek Henderson
Batting: LHB Wes Erickson 0-0: 2-RUN HOME RUN (Flyball, 9D, EV 93.8 MPH), Distance : 369 ft
Batting: RHB Chris Moody 0-0: Ball
1-0: Ground out 5-3 (Groundball, 56, EV 102.5 MPH)
Batting: RHB Ignacio López 0-0: DOUBLE (Line Drive, 9LS, EV 99.4 MPH)
Batting: RHB Jake Hager 0-0: Swinging Strike
0-1: Ball
1-1: Ball
2-1: Swinging Strike
2-2: Strikes out swinging
Top of the 8th over - 2 runs, 3 hits, 0 errors, 1 left on base; Texas 2 - Los Angeles 6
BOTTOM OF THE 8TH
Los Angeles Angels batting - Pitching for Texas Rangers : RHP Daniel Gomez
Batting: RHB Luis Roa 0-0: Called Strike
0-1: Swinging Strike
0-2: Ball
1-2: Strikes out looking
Batting: LHB Andy Brown 0-0: SINGLE (Line Drive, 34D, EV 104.4 MPH)
Batting: SHB Ozhaino Albies 0-0: Ball
1-0: Called Strike
1-1: Ball
2-1: Ball
3-1: Foul Ball, location: 2F
3-2: Base on Balls
Andy Brown to second
Batting: RHB Starling Heredia 0-0: Ball
1-0: Called Strike
1-1: Fly out, F8 (Line Drive, 8RM, EV 91.9 MPH)
Batting: SHB Augusto Ramírez 0-0: Called Strike
0-1: Foul Ball, location: 25F
0-2: Strikes out swinging
Bottom of the 8th over - 0 runs, 1 hit, 0 errors, 2 left on base; Texas 2 - Los Angeles 6
TOP OF THE 9TH
Texas Rangers batting - Pitching for Los Angeles Angels : RHP Derek Henderson
Now at C: Mitch Trees
Batting: RHB José García 0-0: Fly out, F8 (Flyball, 8RM, EV 88.1 MPH)
Batting: RHB Andy Roberts 0-0: Ball
1-0: Called Strike
1-1: Swinging Strike
1-2: Strikes out swinging
Batting: RHB Jim Rivers 0-0: Ball
1-0: Ball
2-0: Ball
3-0: Called Strike
3-1: Called Strike
3-2: Reached on error, E6 (Groundball, 6, EV 86.3 MPH)
Batting: RHB Jim Tate 0-0: Ball
1-0: Foul Ball, location: 9LMF
1-1: Ball
2-1: Ball
3-1: Base on Balls
Jim Rivers to second
Pitching: LHP Héctor Rosado
Batting: SHB Tony Silva 0-0: Ball
1-0: Fielders Choice at 2nd, 6-4 (Groundball, 6, EV 86.3 MPH)
Top of the 9th over - 0 runs, 0 hits, 1 error, 2 left on base; Texas 2 - Los Angeles 6
Tuesday, July 15th , 2025 - OOTP Baseball 26.5 Build 66